 Dungeon Crawl Stone Soup version 0.27-a0-1123-g2f9bb313c0 (webtiles) character file.

Game seed: 11648302768350673457

10695 jestyr24 the Fighter (level 11, -16/92 HPs)
             Began as a Djinni Earth Elementalist on May 4, 2021.
             Was a Priest of Makhleb.
             Shot with an arrow by a centaur warrior (33 damage)
             ... on level 13 of the Dungeon.
             The game lasted 00:46:19 (11678 turns).

jestyr24 the Fighter (Djinni Earth Elementalist)   Turns: 11678, Time: 00:46:19

Health: -16/92     AC:  8    Str:  7    XL:     11   Next: 66%
Gold:   576        EV: 13    Int: 25    God:    Makhleb [***...] SH:  0 Dex: 15

rFire    + + .     SeeInvis .   u - staff of earth
rCold    x . .     Faith    .   (no shield)
rNeg     . . .     Spirit   .   j - +0 steam dragon scales
rPois    ∞         Reflect  .   H - +2 hat
rElec    .         Harm     .   L - +0 cloak
rCorr    .         Rampage  .   (no gloves)
Will     +....                  (boots unavailable)
Stlth    ++........             y - amulet of regeneration
HPRegen  1.25/turn              z - +6 ring of intelligence
MPRegen  0.00/turn              (no ring)

@: brilliant, flying
A: fire resistance 2, cold vulnerability 1, float, innate caster, hp casting,
extra vitality 1
a: Renounce Religion, Minor Destruction, Lesser Servant of Makhleb


You were on level 13 of the Dungeon.
You worshipped Makhleb.
Makhleb was most pleased with you.
You visited 2 branches of the dungeon, and saw 13 of its levels.

You collected 576 gold pieces.

Inventory:

Hand Weapons
 g - a +1 dagger of protection
 w - a +2 vampiric dagger
 G - a +0 spectral quarterstaff
Missiles
 c - 9 curare-tipped darts
 e - 2 boomerangs of dispersal
 o - 200 stones
 I - 4 throwing nets
Armour
 j - +0 steam dragon scales (worn)
 H - a +2 hat (worn)
 L - a +0 cloak (worn)
 M - a +1 robe of cold resistance
Magical Staves
 u - a staff of earth (weapon)
Jewellery
 f - a ring of ice
 y - an amulet of regeneration (around neck)
 z - a +6 ring of intelligence (left hand)
Wands
 b - a wand of digging (6)
 v - a wand of paralysis (30)
 A - a wand of mindburst (20)
 D - a wand of flame (42)
 J - a wand of acid (5)
Scrolls
 h - a scroll of enchant weapon {unknown}
 i - 2 scrolls of immolation {unknown}
 l - 3 scrolls of summoning
 p - a scroll of fear {unknown}
 q - 2 scrolls of teleportation {unknown}
 r - a scroll of silence {unknown}
 t - a scroll of fog
 x - a scroll of torment {unknown}
 E - 2 scrolls of magic mapping {unknown}
 N - a scroll of blinking {unknown}
Potions
 a - 2 potions of flight {unknown}
 d - a potion of magic {unknown}
 k - 3 potions of brilliance
 m - 4 potions of curing
 n - 2 potions of mutation {unknown}
 s - 4 potions of lignification
 B - 2 potions of might {unknown}
 C - 5 potions of heal wounds {unknown}
 F - a potion of invisibility {unknown}
 K - 2 potions of resistance {unknown}


   Skills:
 + Level 13.0 Fighting
 - Level 2.8 Dodging
 - Level 2.0 Stealth
 - Level 10.0 Spellcasting
 - Level 3.5 Evocations


You had 2 spell levels left.
You knew the following spells:

 Your Spells              Type           Power      Damage    Failure   Level
a - Sandblast             Erth           100%       2d20      1%          1
b - Passwall              Tmut/Erth      80%        N/A       1%          2
c - Stone Arrow           Conj/Erth      100%       3d13      1%          3
d - Petrify               Tmut/Erth      96%        N/A       1%          4
e - Lee's Rapid Deconstr  Erth           48%        3d24*     2%          5
f - Sting                 Tmut/Pois      100%       1d8       1%          1
g - Corpse Rot            Necr/Air       N/A        N/A       1%          2
h - Confusing Touch       Hex            76%        N/A       1%          3
i - Ozocubu's Armour      Ice            76%        N/A       1%          3
j - Passage of Golubria   Tloc           N/A        N/A       1%          4
Your spell library was empty.

Dungeon Overview and Level Annotations

Branches:
Dungeon (11/15)            Temple (1/1) D:4            Lair (0/6) D:8
    Orc (0/2) D:10

Altars:
Elyvilon
Fedhas
Hepliaklqana
Kikubaaqudgha
Makhleb
Nemelex Xobeh
Okawaru
Qazlal
Ru
Sif Muna
Trog
Vehumet
Xom
Zin
The Shining One

Shops:
D:6 ?

Annotations:
D:2 Robin, Sigmund
D:13 Rupert


Innate Abilities, Weirdness & Mutations

You are immune to poison.
Your flesh is very heat resistant. (rF++)
You are vulnerable to cold. (rC-)
You float through the air rather than walking.
You learn spells naturally, not from books.
Your magical power is your life essence.
You have superior vitality. (+4 HP)


Message History

Aiming: Passwall (safe; 1% risk of failure)
Press: ? - help, Dir - move target, f - you Please select a wall.
Okay, then.
Casting: Passwall (safe; 1% risk of failure)
Confirm with . or Enter, or press ? or * to list all spells.
Aiming: Stone Arrow (safe; 1% risk of failure)
Press: ? - help, Shift-Dir - straight line, f - centaur warrior
Aim: a centaur warrior, wielding a +0 longbow and quivering arrows (moderately wounded, 84% to hit)
You feel a surge of power!
The stone arrow hits the centaur warrior!!
The centaur warrior is heavily wounded.
* * * LOW HITPOINT WARNING * * *
The centaur warrior shoots an arrow.
The arrow closely misses you.
Casting: Stone Arrow (safe; 1% risk of failure)
Confirm with . or Enter, or press ? or * to list all spells.
Aiming: Stone Arrow (safe; 1% risk of failure)
Press: ? - help, Shift-Dir - straight line, f/p - centaur warrior
Aim: a centaur warrior, wielding a +0 longbow and quivering arrows (heavily wounded, 84% to hit)
You feel a surge of power!
The stone arrow hits the centaur warrior!
The centaur warrior is severely wounded.
* * * LOW HITPOINT WARNING * * *
The centaur warrior unwields a +0 longbow.
The centaur warrior hits you!
* * * LOW HITPOINT WARNING * * *
The centaur warrior kicks you but does no damage.
You feel better. The centaur warrior misses you. The centaur warrior kicks you.
* * * LOW HITPOINT WARNING * * *
It was a potion of brilliance.
You feel clever all of a sudden. The centaur warrior closely misses you.
The centaur warrior kicks you but does no damage.
The centaur warrior hits you.
* * * LOW HITPOINT WARNING * * *
The centaur warrior kicks you.
* * * LOW HITPOINT WARNING * * *
The centaur warrior wields a +0 longbow.
The centaur warrior shoots an arrow.
The arrow hits you!!
You die...

#..#...........#
#..#...........#
#..#...........#
###..#########..##
#.....#.........#
#.....#.........#
#####..####....##...#
#..#............#.....
#.pc.@..........#.....
#pV#............#.....
##.########.###########
#.........#...#
#.........#...#
####.c#########


ppV.. ...p... ....J.. You could see a centaur warrior, 2 humans and a vampire.

Vanquished Creatures
  Gastronok (D:8)
  Fannar (D:10)
  Harold (D:9)
  A two-headed ogre (D:10)
  Sonja (D:10)
  Joseph (D:8)
  Maurice (D:9)
  Psyche (D:8)
  A gargoyle (D:11)
  8 yaks (D:9)
  A shadow (D:10)
  A wyvern (D:9)
  A wraith (D:11)
  Menkaure (D:6)
  A steam dragon (D:8)
  A water moccasin (D:7)
  2 orc warriors
  4 black bears
  A sky beast (D:8)
  2 centaurs (D:9)
  A phantom (D:5)
  2 kobold brigands
  A wyvern zombie (D:8)
  3 gnoll sergeants
  2 scorpions
  A bullfrog (D:7)
  A water moccasin skeleton (D:5)
  4 killer bees (D:9)
  12 wights
  A howler monkey (D:7)
  2 bullfrog zombies
  2 centaur zombies
  5 jellies
  2 bullfrog skeletons
  2 orc priests
  A hound (D:3)
  3 centaur skeletons
  A gnoll shaman (D:6)
  An iguana (D:5)
  Natasha (thrice) (D:3)
  9 orc wizards
  2 killer bee zombies
  A howler monkey zombie (D:6)
  A howler monkey skeleton (D:7)
  13 gnolls
  6 adders
  A white imp (D:4)
  An ufetubus (D:5)
  A worm (D:2)
  3 dart slugs (D:1)
  20 orcs
  8 endoplasms
  4 giant cockroaches
  3 goblins
  5 hobgoblins
  17 jackals
  2 quokkas (D:1)
  8 ball pythons
  5 bats
  4 frilled lizards
  6 hobgoblin zombies (D:4)
  17 kobolds
  An orc skeleton (D:4)
  3 rats
223 creatures vanquished.

Vanquished Creatures (collateral kills)
  A hobgoblin zombie (D:4)
  A kobold skeleton (D:4)
2 creatures vanquished.

Vanquished Creatures (others)
  2 plants (D:1)
2 creatures vanquished.

Grand Total: 227 creatures vanquished

Notes
Turn   | Place    | Note
-------+----------+-------------------------------------------
     0 | D:1      | jestyr24 the Djinni Earth Elementalist began the quest for
                  | the Orb.
     0 | D:1      | Reached XP level 1. HP: 15/15 MP: 0/0
   213 | D:1      | Reached XP level 2. HP: 16/21 MP: 0/0
   595 | D:1      | Reached XP level 3. HP: 25/25 MP: 0/0
   595 | D:1      | Learned a level 1 spell: Sting
  1514 | D:2      | Reached XP level 4. HP: 20/31 MP: 0/0
  2180 | D:2      | Found a shimmering altar of Xom.
  2419 | D:2      | Reached XP level 5. HP: 31/35 MP: 0/0
  2419 | D:2      | Learned a level 2 spell: Corpse Rot
  2462 | D:2      | Noticed Sigmund
  2463 | D:2      | Noticed Robin
  2571 | D:3      | Found a faded altar of an unknown god.
  2902 | D:3      | Noticed Natasha
  2905 | D:3      | Killed Natasha
  2906 | D:3      | Reached skill level 5 in Spellcasting
  2965 | D:3      | Noticed Natasha
  2967 | D:3      | Killed Natasha
  2968 | D:3      | Reached XP level 6. HP: 32/40 MP: 0/0
  2978 | D:3      | Noticed Natasha
  2982 | D:3      | Killed Natasha
  3401 | D:3      | Identified Sif Muna's Compendium of Battle Magic
  3864 | D:4      | Found a glowing golden altar of the Shining One.
  4402 | D:4      | Found a staircase to the Ecumenical Temple.
  4411 | Temple   | Entered the Ecumenical Temple
  4433 | Temple   | Became a worshipper of Makhleb the Destroyer
  5198 | D:5      | Entered Level 5 of the Dungeon
  5198 | D:5      | Noticed a black bear
  5200 | D:5      | Reached XP level 7. HP: 41/45 MP: 0/0
  5200 | D:5      | Learned a level 3 spell: Confusing Touch
  5722 | D:5      | Reached XP level 8. HP: 43/50 MP: 0/0
  5821 | D:5      | Reached skill level 1 in Evocations
  7001 | D:6      | Found Qappud's Magic Scroll Boutique.
  7092 | D:6      | Noticed Menkaure
  7094 | D:6      | Killed Menkaure
  7094 | D:6      | Reached * piety under Makhleb
  7323 | D:7      | Found a glowing silver altar of Zin.
  7323 | D:7      | Noticed an angel
  7436 | D:7      | Reached XP level 9. HP: 44/55 MP: 0/0
  7436 | D:7      | Learned a level 3 spell: Ozocubu's Armour
  8543 | D:8      | Reached skill level 1 in Fighting
  8548 | D:8      | Noticed Psyche
  8556 | D:7      | Reached skill level 10 in Spellcasting
  8889 | D:8      | Reached skill level 2 in Fighting
  8889 | D:8      | Reached ** piety under Makhleb
  9081 | D:8      | Reached skill level 3 in Fighting
  9086 | D:8      | Killed Psyche
  9087 | D:8      | Reached skill level 4 in Fighting
  9150 | D:8      | Reached skill level 5 in Fighting
  9306 | D:8      | Noticed Joseph
  9312 | D:8      | Killed Joseph
  9313 | D:8      | Reached skill level 6 in Fighting
  9313 | D:8      | Reached XP level 10. HP: 30/73 MP: 0/0
  9623 | D:8      | Noticed Gastronok
  9633 | D:8      | Killed Gastronok
  9634 | D:8      | Reached skill level 9 in Fighting
  9726 | D:8      | Found a staircase to the Lair.
 10076 | D:9      | Reached skill level 10 in Fighting
 10263 | D:9      | Reached XP level 11. HP: 77/86 MP: 0/0
 10263 | D:9      | Learned a level 4 spell: Passage of Golubria
 10264 | D:9      | Reached skill level 11 in Fighting
 10297 | D:9      | Noticed Harold
 10304 | D:9      | Killed Harold
 10617 | D:9      | Noticed Maurice
 10621 | D:9      | Killed Maurice
 10630 | D:9      | Reached *** piety under Makhleb
 10786 | D:10     | Entered Level 10 of the Dungeon
 10902 | D:10     | Reached skill level 12 in Fighting
 10948 | D:10     | Noticed Fannar
 10953 | D:10     | Noticed Sonja
 10955 | D:10     | Killed Sonja
 10955 | D:10     | Killed Fannar
 11015 | D:10     | Noticed a two-headed ogre
 11018 | D:10     | Killed a two-headed ogre
 11176 | D:10     | Found a staircase to the Orcish Mines.
 11480 | D:11     | Reached skill level 13 in Fighting
 11544 | D:11     | Found a hazy altar of Hepliaklqana.
 11555 | D:11     | You are sucked into a shaft and drop 2 floors!
 11663 | D:13     | Noticed a centaur warrior
 11669 | D:13     | Noticed Rupert
 11678 | D:13     | Shot with an arrow by a centaur warrior

Illustrated notes

Levels and vault maps discovered:
D:1:      eino_arrival_druids_welcome, layout_loops_cross
D:2:      cheibrodos_pilgrimage, layout_basic, basic_altar, uniq_robin,
          uniq_sigmund
D:3:      layout_loops_ring, led_sif_book, ebering_ecumenical_altar_mist,
          uniq_natasha
D:4:      layout_basic, nicolae_tso_besieged_by_evil,
          minmay_temple_entry_large_hall
D:5:      layout_basic, kiku_gazebo_garden_becter
D:6:      layout_rooms, serial_shops, shop, st_stairs_13, uniq_menkaure
D:7:      layout_loops_ring, zin_angel
D:8:      layout_cave_pools, lair_entry_dummy, uniq_joseph, uniq_psyche,
          uniq_gastronok
D:9:      layout_basic, uniq_harold, uniq_maurice
D:10:     layout_basic, david_orc_2, serial_bayou_pond_e, hangedman_glass_teeth,
          uniq_fannar, uniq_sonja
D:11:     layout_roguey, nicolae_hepliaklqana_hazy_memory
D:13:     layout_grid_maze, david_vaults_3
Temple:   compressed_dpeg_circular_temple

Skill      XL: |  1  2  3  4  5  6  7  8  9 10 11 |
---------------+----------------------------------+-----
Spellcasting   | 3 4 5 6 7 9 10 | 10.0
Stealth        | 2 |  2.0
Evocations     | 2 3 |  3.5
Fighting       | 6 10 13 | 13.0
Dodging        | |  2.8

Action                   |  1- 3 |  4- 6 |  7- 9 | 10-12 || total
-------------------------+-------+-------+-------+-------++-------
Melee: Dagger            |    25 |    25 |       |       ||    50
       Staff             |       |       |     1 |       ||     1
 Cast: Sandblast         |    54 |    25 |       |       ||    79
       Sting             |     4 |    10 |       |       ||    14
       Stone Arrow       |       |    54 |    94 |    60 ||   208
       Lee's Rapid Decon |       |       |    11 |    24 ||    35
       Petrify           |       |       |     7 |    10 ||    17
       Corpse Rot        |       |       |     1 |       ||     1
  Use: Scroll            |       |     2 |     4 |     2 ||     8
       Potion            |       |       |       |     2 ||     2
 Stab: Sleeping          |       |     1 |       |       ||     1
Armor: Robe              |    14 |    18 |     3 |       ||    35
       Steam dragon scal |       |       |       |     3 ||     3
Dodge: Dodged            |    35 |    42 |     5 |    12 ||    94

Table legend: (Time is in decaauts)
 A = Elapsed time spent in this place.
 B = Non-inter-level travel time spent in this place.
 C = Inter-level travel time spent in this place.
 D = Time resting spent in this place.
 E = Time spent auto-exploring this place.
 F = Levels seen in this place.
 G = Mean time per level.
                   A        B        C        D        E       F      G
               +--------+--------+--------+--------+--------+-----+--------+
         Total |  11680 |  11321 |    359 |   2562 |   7224 |  13 |  898.5 |
       Dungeon |  11638 |  11279 |    359 |   2562 |   7208 |  12 |  969.8 |
        Temple |     42 |     42 |      0 |      0 |     16 |   1 |   42.0 |
               +--------+--------+--------+--------+--------+-----+--------+

Top non-repeatable levels by time:
     D:7: 1793 daAuts
     D:1: 1652 daAuts
     D:3: 1471 daAuts
     D:4: 1380 daAuts
     D:5: 1092 daAuts
     D:8: 1019 daAuts
     D:2: 887 daAuts
     D:9: 769 daAuts
     D:6: 679 daAuts
    D:10: 658 daAuts
    D:13: 122 daAuts
    D:11: 109 daAuts
  Temple: 42 daAuts
